Map: Proxima Station LE

Players

Lambo - Winner!

  • Race: Zerg Zerg
  • Spawn Location: 1:00

Neeb

  • Race: Protoss Protoss
  • Spawn Location: 7:00

Event: WCS Austin 2017

VOD

Have the link to the VOD?

Description

Time

  • Played on: April 29, 2017, 12:02 p.m.
  • Length: 9:41

All games in this series

Show
View Real Time Build Order
Export as new Build Order

Lambo Zerg - Winner!

Build Orders: Hatch First 

Get SALT Encoding   

  12  0:01  Drone  
  13  0:12  Overlord  
  13  0:17  Drone  
  14  0:30  Drone x2  
  14  0:35  Drone  
  17  0:52  Hatchery  
  17  0:56  Drone  
  17  0:59  Drone  
  18  1:10  Extractor  
  17  1:14  Spawning Pool  
  17  1:17  Drone  
  17  1:20  Drone  
  18  1:28  Drone  
  19  1:40  Overlord  
  19  1:49  Drone  
  20  2:01  Queen  
  22  2:02  Zergling x2  
  22  2:04  Queen, Zergling x2  
  26  2:09  Metabolic Boost  
  26  2:12  Drone  
  27  2:18  Drone  
  28  2:25  Drone  
  29  2:35  Hatchery  
  28  2:38  Drone  
  28  2:43  Queen  
  31  2:47  Drone  
  31  2:51  Overlord  
  32  2:54  Drone  
  33  3:00  Drone x2  
  35  3:08  Zergling x2  
  35  3:11  Drone x3  
  38  3:15  Extractor  
  37  3:20  Drone x3  
  37  3:24  Queen  
  37  3:26  Drone  
  43  3:36  Evolution Chamber  
  43  3:37  Drone  
  43  3:38  Overlord  
  43  3:42  Spore Crawler  
  43  3:43  Drone  
  43  3:45  Overlord  
  43  3:48  Drone  
  43  3:49  Drone  
  43  3:51  Spore Crawler  
  43  3:53  Drone x2  
  43  3:55  Drone  
  47  3:59  Drone x2  
  49  4:02  Zerg Melee Weapons Level 1  
  49  4:05  Drone  
  50  4:12  Overlord  
  50  4:14  Overlord  
  50  4:15  Spore Crawler  
  49  4:18  Drone x2  
  49  4:21  Overlord  
  51  4:27  Drone x4  
  51  4:30  Drone x2  
  57  4:33  Drone x2  
  57  4:37  Baneling Nest  
  57  4:38  Drone  
  59  4:42  Drone x2  
  59  4:45  Lair  
  61  4:48  Drone x2  
  61  4:49  Zergling x2  
  64  4:55  Zergling x8, Extractor  
  67  5:00  Drone x2  
  67  5:01  Drone  
  67  5:03  Overlord  
  67  5:05  Zergling x4, Overlord  
  72  5:09  Drone  
  73  5:16  Overlord  
  73  5:19  Zergling x2  
  73  5:20  Zergling x4  
  73  5:21  Hatchery  
  75  5:22  Zergling x2  
  75  5:23  Zergling x4  
  75  5:25  Baneling x4  
  78  5:28  Zergling x4  
  78  5:29  Zergling x2  
  78  5:31  Baneling x3  
  78  5:32  Zergling x4  
  83  5:36  Zergling x6  
  83  5:40  Zergling x4  
  83  5:41  Zergling x4  
  90  5:44  Drone  
  90  5:45  Drone x2  
  93  5:51  Overlord  
  93  5:52  Drone  
  93  5:54  Extractor  
  93  5:55  Extractor  
  92  6:03  Zerg Melee Weapons Level 2  
  93  6:04  Drone x3  
  93  6:05  Drone x3  
  93  6:09  Zergling x2, Overlord x3  
  99  6:17  Overlord x2  
  98  6:20  Overlord, Zergling x2  
  98  6:21  Zergling x2  
  98  6:22  Pneumatized Carapace  
  100  6:25  Drone x2  
  100  6:31  Zergling x8  
  106  6:33  Hatchery  
  106  6:38  Drone x6  
  111  6:42  Centrifical Hooks  
  111  6:45  Zergling x2  
  112  6:51  Queen  
  112  6:52  Zergling x10  
  119  6:58  Spore Crawler x2  
  119  7:00  Zergling x2, Spore Crawler x2  
  119  7:01  Zergling x2, Spore Crawler  
  115  7:04  Overlord  
  115  7:08  Zergling x2  
  115  7:09  Zergling x8  
  115  7:12  Zergling x2  
  115  7:13  Zergling x4  
  127  7:18  Zergling x8  
  130  7:23  Zergling x8  
  131  7:32  Zergling x2  
  131  7:33  Zergling x16  
  140  7:38  Zergling x6  
  140  7:40  Baneling x3  
  140  7:41  Baneling x13  
  143  7:50  Zergling x16  
  148  8:01  Zergling x16  
  153  8:09  Zergling x10  
  153  8:11  Baneling x4  
  153  8:12  Baneling x8  
  158  8:17  Zergling x2  
  158  8:18  Zergling x14  
  158  8:19  Baneling  
  164  8:20  Baneling x2  
  164  8:23  Baneling x2  
  158  8:27  Zergling x4  
  158  8:28  Zergling x8  
  158  8:30  Baneling  
  158  8:31  Baneling x4  
  160  8:39  Zergling x2  
  160  8:40  Zergling x8  
  130  8:41  Zergling x10  
  130  8:44  Zergling x2  
  130  8:47  Zergling x2  
  130  8:48  Zergling x8  
  125  8:53  Infestation Pit, Zergling x8  
  125  9:00  Drone x4  
  125  9:02  Zergling x6  
  122  9:11  Baneling x15  
  122  9:14  Zergling x6  
  125  9:19  Baneling x4  
  125  9:22  Zergling x12  
  131  9:24  Baneling x3  
Show
View Real Time Build Order
Export as new Build Order

Neeb Protoss 

Build Orders: 1 Gate Expand, Oracle Opening, Phoenix Opening 

Get SALT Encoding   

  12  0:00  Probe (Chrono Boost)  
  13  0:11  Probe (Chrono Boost)  
  14  0:17  Pylon  
  14  0:22  Probe (Chrono Boost)  
  16  0:35  Probe (Chrono Boost)  
  16  0:37  Gateway  
  16  0:46  Assimilator, Probe (Chrono Boost)  
  17  0:56  Probe (Chrono Boost)  
  18  1:07  Probe (Chrono Boost)  
  19  1:18  Nexus  
  19  1:22  Probe (Chrono Boost)  
  20  1:32  Cybernetics Core  
  20  1:35  Probe (Chrono Boost)  
  21  1:40  Assimilator  
  21  1:45  Probe (Chrono Boost)  
  22  1:50  Pylon  
  22  1:56  Probe (Chrono Boost)  
  23  2:05  Adept  
  24  2:09  Warp Gate  
  24  2:10  Probe (Chrono Boost)  
  26  2:22  Probe (Chrono Boost)  
  27  2:31  Stargate  
  27  2:32  Probe (Chrono Boost)  
  27  2:33  Probe (Chrono Boost)  
  27  2:35  Adept  
  31  2:43  Probe x2 (Chrono Boost)  
  33  2:53  Probe (Chrono Boost)  
  33  2:54  Probe (Chrono Boost)  
  35  3:03  Adept  
  35  3:04  Probe x2 (Chrono Boost)  
  39  3:13  Oracle  
  39  3:14  Probe (Chrono Boost)  
  44  3:21  Probe (Chrono Boost)  
  44  3:24  Gateway  
  44  3:25  Probe (Chrono Boost), Gateway  
  44  3:26  Pylon  
  45  3:33  Probe (Chrono Boost)  
  46  3:36  Twilight Council  
  46  3:42  Pylon  
  46  3:44  Probe (Chrono Boost)  
  46  3:46  Probe (Chrono Boost), Phoenix  
  48  3:55  Probe (Chrono Boost), Pylon  
  51  3:58  Probe (Chrono Boost)  
  51  4:01  Resonating Glaives  
  52  4:07  Nexus  
  53  4:11  Probe (Chrono Boost)  
  53  4:13  Probe (Chrono Boost)  
  54  4:23  Adept x3  
  60  4:26  Probe (Chrono Boost)  
  60  4:27  Pylon  
  60  4:30  Probe (Chrono Boost)  
  62  4:37  Assimilator  
  63  4:39  Assimilator  
  63  4:40  Probe x2 (Chrono Boost)  
  64  4:46  Adept x2  
  64  4:47  Adept  
  64  4:52  Probe (Chrono Boost)  
  71  4:54  Probe (Chrono Boost)  
  72  5:06  Pylon  
  72  5:07  Adept  
  72  5:08  Adept x2  
  72  5:11  Robotics Facility  
  78  5:18  Probe (Chrono Boost)  
  78  5:19  Forge  
  78  5:21  Probe x2 (Chrono Boost), Pylon  
  81  5:29  Probe (Chrono Boost)  
  81  5:33  Probe (Chrono Boost)  
  81  5:35  Mothership Core (Chrono Boost)  
  85  5:37  Sentry x2  
  85  5:40  Probe (Chrono Boost)  
  90  5:44  Probe (Chrono Boost)  
  90  5:47  Assimilator  
  90  5:49  Protoss Ground Weapons Level 1  
  91  5:50  Assimilator, Probe (Chrono Boost)  
  91  5:54  Pylon  
  91  5:55  Probe x2 (Chrono Boost)  
  94  5:57  Warp Prism  
  94  6:02  Probe (Chrono Boost), Sentry  
  99  6:07  Probe x2 (Chrono Boost)  
  101  6:14  Probe (Chrono Boost)  
  104  6:19  Probe x2 (Chrono Boost)  
  104  6:23  Templar Archives  
  104  6:24  Gateway  
  105  6:26  Probe (Chrono Boost)  
  105  6:27  Gateway  
  105  6:31  Observer, Probe (Chrono Boost), Gateway  
  105  6:32  Pylon  
  107  6:33  Charge  
  107  6:34  Probe (Chrono Boost)  
  107  6:38  Gateway  
  108  6:40  Gateway  
  108  6:43  Probe (Chrono Boost), Pylon  
  108  6:44  Probe (Chrono Boost)  
  110  6:53  Nexus  
  111  6:54  Pylon  
  111  6:55  Probe (Chrono Boost)  
  111  6:56  Probe (Chrono Boost)  
  112  7:05  Probe (Chrono Boost)  
  113  7:12  Immortal  
  113  7:13  Psionic Storm  
  113  7:15  Photon Cannon  
  113  7:16  High Templar x2  
  113  7:17  Pylon  
  121  7:26  Probe (Chrono Boost)  
  121  7:27  Probe (Chrono Boost)  
  121  7:28  Probe (Chrono Boost)  
  124  7:35  Pylon x2  
  124  7:37  Gateway  
  124  7:38  Gateway  
  124  7:39  High Templar  
  124  7:40  Gateway  
  126  7:45  Gateway  
  126  7:46  Immortal, Gateway  
  126  7:49  Pylon  
  128  8:05  High Templar x2, Zealot x2  
  128  8:06  Zealot x3  
  128  8:09  Archon  
  138  8:16  Assimilator, Probe x2 (Chrono Boost)  
  141  8:20  Immortal  
  141  8:21  Assimilator  
  141  8:25  Archon  
  144  8:30  High Templar x2  
  144  8:32  Zealot x3  
  154  8:36  Archon  
  118  8:44  Zealot x3  
  96  8:50  Probe (Chrono Boost)  
  96  8:52  Probe x3 (Chrono Boost)  
  96  8:54  Zealot x3  
  98  9:02  Probe (Chrono Boost)  
  89  9:09  High Templar  
  85  9:10  High Templar x4  
  85  9:12  Probe (Chrono Boost)  
  85  9:13  Probe x2 (Chrono Boost)  
  85  9:14  Probe (Chrono Boost)  
  97  9:22  Probe (Chrono Boost)  
  104  9:25  Probe x2 (Chrono Boost)  
  104  9:26  Probe (Chrono Boost)  
  104  9:27  Archon x2  
  104  9:28  Zealot x5  
Tags
 
Add a new tag
Caveats
  • Supply blocks, unpowered buildings, or Contaminate may cause inaccurate times.
  • Supply counts are checked every 10 seconds.